 Dungeon Crawl Stone Soup version 0.19.1 (webtiles) character file.

2447 Ladykiller69 the Thaumaturge (level 9, 0/67 HPs)
             Began as a Deep Elf Wizard on Dec 9, 2016.
             Was a Follower of Vehumet.
             Slain by a killer bee (1 damage)
             ... on level 7 of the Dungeon.
             The game lasted 00:29:59 (7147 turns).

Ladykiller69 the Thaumaturge (Deep Elf Wizard)      Turns: 7147, Time: 00:30:00

Health: 0/67       AC:  3    Str:  9    XL:     9   Next: 25%
Magic:  2/25       EV: 13    Int: 27    God:    Vehumet [*.....]
Gold:   439        SH:  0    Dex: 13    Spells: 8 memorised, 13 levels left

rFire  . . .     SeeInvis .     r - +3 quarterstaff (chaos)
rCold  . . .     Gourm    .     a - +0 robe
rNeg   . . .     Faith    .     (shield currently unavailable)
rPois  .         Spirit   .     b - +0 hat
rElec  .         Reflect  .     s - +0 cloak
rCorr  .         Harm     .     (no gloves)
MR     .....                    (no boots)
Stlth  ..........               (no amulet)
                                (no ring)
                                (no ring)

@: mighty, berserking, lethally poisoned (0 -> -11), flying, repel missiles,
very quick
A: no striking features
a: Renounce Religion


You were on level 7 of the Dungeon.
You worshipped Vehumet.
Vehumet was aware of your devotion.
You were hungry.

You visited 2 branches of the dungeon, and saw 8 of its levels.

You collected 439 gold pieces.

Inventory:

Hand Weapons
 r - a +3 quarterstaff of chaos (weapon)
 z - a +3 dagger of electrocution
Armour
 a - a +0 robe (worn)
 b - a +0 hat (worn)
 s - a +0 cloak (worn)
Jewellery
 e - an uncursed ring of fire {unknown}
 D - an uncursed ring of wizardry {unknown}
Wands
 q - a wand of flame (19/48)
 u - a wand of lightning (3/15)
 y - a wand of lightning (9/15)
Scrolls
 f - 2 scrolls of amnesia
 g - a scroll of enchant weapon {unknown}
 i - 5 scrolls of immolation {unknown}
 k - a scroll of enchant armour {unknown}
 m - 6 scrolls of identify {unknown}
 w - a scroll of fog {unknown}
 x - a scroll of teleportation {unknown}
 A - 2 scrolls of fear {unknown}
 C - 7 scrolls of remove curse {unknown}
 G - a scroll of magic mapping {unknown}
Potions
 j - a potion of might
 n - a potion of degeneration {unknown}
 o - a potion of curing {unknown}
 B - a potion of mutation {unknown}
 H - a potion of lignification {unknown}
Books
 c - a book of Minor Magic

   Spells                             Type                      Level
   a - Magic Dart                     Conjuration                  1
   b - Blink                          Translocation                2
   c - Call Imp                       Summoning                    2
   d - Repel Missiles                 Charms/Air                   2
   e - Slow                           Hexes                        2
   f - Conjure Flame                  Conjuration/Fire             3
   g - Mephitic Cloud                 Conjuration/Poison/Air       3
 F - a book of Cantrips

   Spells                             Type                      Level
   a - Confusing Touch                Hexes                        1
   b - Animate Skeleton               Necromancy                   1
   c - Summon Small Mammal            Summoning                    1
   d - Apportation                    Translocation                1
Comestibles
 d - 6 bread rations
 p - a beef jerky
 t - 4 fruits
 v - 2 meat rations
 E - 3 chunks of flesh


   Skills:
 - Level 3.0 Dodging
 - Level 3.0 Stealth
 - Level 10.1 Spellcasting
 - Level 9.1 Conjurations
 + Level 3.9 Summonings
 - Level 5.0 Translocations


You had 13 spell levels left.
You knew the following spells:

 Your Spells              Type           Power        Failure   Level  Hunger
a - Magic Dart            Conj           ####         1%          1    None
b - Call Imp              Summ           #####...     1%          2    None
c - Conjure Flame         Conj/Fire      #####...     1%          3    None
d - Blink                 Tloc           N/A          1%          2    None
e - Mephitic Cloud        Conj/Pois/Air  ####....     3%          3    None
f - Repel Missiles        Chrm/Air       ##....       8%          2    None
g - Animate Skeleton      Necr           N/A          4%          1    None
h - Apportation           Tloc           #####.....   1%          1    None


Dungeon Overview and Level Annotations

Branches:
Dungeon (7/15)             Temple (1/1) D:4

Altars:
Ashenzari
Elyvilon
Fedhas
Gozag
Hepliaklqana
Kikubaaqudgha
Nemelex Xobeh
Okawaru
Ru
Sif Muna
Uskayaw
Vehumet
Xom
Zin

Shops:
D:4 [   D:5 !   D:7 (

Annotations:
D:7 Joseph


Message History

The killer bee stings you.
* * * LOW HITPOINT WARNING * * *
You are lethally poisoned!
The killer bee poisons you!
The scorpion stings you but does no damage.
The killer bee barely misses you.
It was a potion of berserk rage.
A red film seems to cover your vision as you go berserk!
You feel yourself moving faster!
You feel mighty!
* * * LOW HITPOINT WARNING * * *
You feel sick. The killer bee closely misses you.
The scorpion stings you but does no damage.
You are too berserk!
You miss the killer bee.
The killer bee is severely wounded.
* * * LOW HITPOINT WARNING * * *
You feel sick. The killer bee stings you!
* * * LOW HITPOINT WARNING * * *
The killer bee misses you. The killer bee stings you.
You die...

.#.########.# ...# #.#
##.########.####
#.............#
##########.##.# #.##.#
#.##.##
#.#...###########
#.#...@y.........
.......sy<..##.####
####[.##.##.......#
#..##.##.#####.#
#.#####..#...#.# #
#..............# # #
.#####..#...#.# .# #
#...##.##.#####.. ##
#.####..###.##........


You could see a scorpion and 2 killer bees.

Vanquished Creatures
  Pikel (D:6)
  An orc warrior (D:7)
  A sky beast (D:6)
  A necrophage (D:7)
  A phantom (D:5)
  2 ice beasts
  An ogre (D:5)
  A centaur (D:6)
  A wyvern zombie (D:6)
  A water moccasin skeleton (D:5)
  A scorpion (D:4)
  2 killer bees (D:7)
  4 wights (D:6)
  A howler monkey (D:4)
  A crimson imp (D:6)
  3 jellies
  A hound (D:5)
  4 orc wizards
  Crazy Yiuf (D:2)
  An iguana (D:6)
  2 bullfrog skeletons
  Natasha (thrice) (D:3)
  2 worker ants
  A killer bee zombie (D:6)
  2 worker ant zombies
  Robin (D:3)
  5 adders
  A shadow imp (D:6)
  2 oozes
  An adder zombie (D:7)
  An adder skeleton (D:4)
  A worm (D:2)
  2 dart slugs
  2 leopard geckos
  12 orcs
  A giant cockroach (D:1)
  13 hobgoblins
  11 jackals
  4 quokkas
  4 bats
  2 frilled lizards (D:1)
  11 goblins
  4 kobolds
  4 rats
122 creatures vanquished.

Vanquished Creatures (collateral kills)
  A killer bee (D:7)
  A hound (D:7)
  An orc wizard (D:3)
  Ijyb (D:3)
  A jackal (D:4)
  A quokka (D:4)
6 creatures vanquished.

Vanquished Creatures (others)
  An ice beast (D:5)
  Blork the orc (D:6)
  A crimson imp (D:6)
  An orc wizard (D:6)
  2 orcs (D:6)
  A jackal (D:6)
7 creatures vanquished.

Grand Total: 135 creatures vanquished

Notes
Turn   | Place    | Note
-------+----------+-------------------------------------------
     0 | D:1      | Ladykiller69 the Deep Elf Wizard began the quest for the Orb.
     0 | D:1      | Reached XP level 1. HP: 10/10 MP: 7/7
   328 | D:1      | Reached XP level 2. HP: 15/15 MP: 7/9
  1104 | D:2      | Found a blossoming altar of Fedhas.
  1111 | D:2      | Found a faded altar of an unknown god.
  1163 | D:2      | Reached XP level 3. HP: 19/19 MP: 7/11
  1334 | D:2      | Reached skill level 5 in Spellcasting
  1491 | D:2      | Learned a level 2 spell: Call Imp
  1495 | D:2      | Learned a level 3 spell: Conjure Flame
  1498 | D:2      | Learned a level 2 spell: Blink
  1502 | D:2      | Learned a level 3 spell: Mephitic Cloud
  1723 | D:2      | Found a runed door.
  1982 | D:2      | Found a sacrificial altar of Ru.
  2027 | D:2      | Reached XP level 4. HP: 24/24 MP: 7/13
  2121 | D:2      | Noticed Crazy Yiuf
  2131 | D:2      | Killed Crazy Yiuf
  2285 | D:3      | Noticed Robin
  2608 | D:3      | Found a sparkling altar of Nemelex Xobeh.
  2661 | D:3      | Reached XP level 5. HP: 19/28 MP: 9/14
  2779 | D:3      | Killed Robin
  2779 | D:3      | Reached skill level 5 in Conjurations
  3011 | D:3      | Noticed Ijyb
  3029 | D:3      | Killed Ijyb
  3097 | D:3      | Noticed Natasha
  3155 | D:3      | Killed Natasha
  3229 | D:3      | Noticed Natasha
  3245 | D:3      | Killed Natasha
  3598 | D:3      | Noticed Natasha
  3618 | D:3      | Killed Natasha
  3724 | D:4      | Found Duaresh's Armour Emporium.
  3726 | D:4      | Found an opulent altar of Gozag.
  3785 | D:4      | Reached XP level 6. HP: 31/32 MP: 10/15
  4002 | D:4      | Found a staircase to the Ecumenical Temple.
  4009 | Temple   | Entered the Ecumenical Temple
  4021 | Temple   | Became a worshipper of Vehumet
  4195 | D:4      | Learned a level 2 spell: Repel Missiles
  4498 | D:4      | Found a hide-covered altar of Uskayaw.
  4719 | D:5      | Entered Level 5 of the Dungeon
  4748 | D:5      | Reached XP level 7. HP: 28/36 MP: 2/17
  4877 | D:5      | Found Lajif's Distillery.
  4990 | D:5      | Reached skill level 6 in Spellcasting
  5298 | D:5      | Learned a level 1 spell: Animate Skeleton
  5543 | D:6      | Reached skill level 7 in Spellcasting
  5666 | D:6      | Reached XP level 8. HP: 41/41 MP: 7/20
  5840 | D:6      | Reached skill level 5 in Translocations
  5891 | D:6      | Noticed Pikel
  5910 | D:6      | Killed Pikel
  5910 | D:6      | Reached skill level 8 in Spellcasting
  5997 | D:6      | Noticed Blork the orc
  6045 | D:6      | Noticed an angel
  6046 | D:6      | Found a glowing silver altar of Zin.
  6079 | D:6      | Killed Blork the orc
  6175 | D:6      | Reached skill level 9 in Spellcasting
  6599 | D:6      | Reached XP level 9. HP: 45/45 MP: 14/24
  6640 | D:6      | Reached * piety under Vehumet
  6640 | D:6      | Offered knowledge of Flame Tongue by Vehumet.
  6647 | D:6      | Learned a level 1 spell: Apportation
  6892 | D:7      | Found Hestun's Antique Weapon Emporium.
  6897 | D:7      | Noticed Joseph
  6998 | D:7      | Reached skill level 10 in Spellcasting
  7147 | D:7      | HP: 1/67 [killer bee (9)]
  7147 | D:7      | Slain by a killer bee

Skill      XL: |  1  2  3  4  5  6  7  8  9 |
---------------+----------------------------+-----
Stealth        | 3 |  3.0
Dodging        | 3 |  3.0
Spellcasting   | 5 7 9 10 | 10.1
Conjurations   | 2 4 5 6 8 9 |  9.1
Summonings     | 2 3 |  3.9
Translocations | 2 3 4 5 |  5.0

Action                   |  1- 3 |  4- 6 |  7- 9 || total
-------------------------+-------+-------+-------++-------
Melee: Quarterstaff      |       |     7 |    29 ||    36
 Cast: Magic Dart        |   104 |   130 |   207 ||   441
       Mephitic Cloud    |       |     6 |     6 ||    12
       Blink             |       |     2 |     1 ||     3
       Conjure Flame     |       |     3 |    20 ||    23
       Call Imp          |       |    14 |     1 ||    15
       Repel Missiles    |       |       |     1 ||     1
  Use: Potion            |       |       |     3 ||     3
       Scroll            |       |       |     1 ||     1
 Stab: Distracted        |       |     1 |       ||     1
       Confused          |       |     1 |       ||     1
  Eat: Chunk             |     3 |     9 |     5 ||    17
       Pizza             |       |       |     1 ||     1
Armor: Robe              |       |     8 |     9 ||    17
Dodge: Dodged            |    11 |    25 |    31 ||    67
